Map: [ESL] Dragon Scales

Players

Harstem

  • Race: Protoss Protoss
  • League: Master

Cure - Winner!

  • Race: Terran Terran

Event: IEM Katowice 2023

VOD

Have the link to the VOD?

Description

Time

  • Played on: Feb. 8, 2023, 7:37 a.m.
  • Length: 6:26

All games in this series

Show
View Real Time Build Order
Export as new Build Order

Harstem Protoss 

Build Orders: 1 Gate Expand, Phoenix Opening 

Get SALT Encoding   

  12  0:00  Probe  
  13  0:12  Probe  
  14  0:18  Pylon  
  14  0:24  Probe  
  15  0:36  Gateway, Probe (Chrono Boost)  
  16  0:46  Assimilator, Probe (Chrono Boost)  
  17  0:51  Probe (Chrono Boost)  
  18  1:03  Probe  
  19  1:15  Probe  
  20  1:24  Cybernetics Core  
  20  1:31  Nexus  
  20  1:39  Pylon  
  20  1:42  Probe  
  21  1:49  Assimilator  
  21  1:54  Probe  
  21  1:57  Adept (Chrono Boost)  
  24  2:06  Probe  
  24  2:17  Adept (Chrono Boost)  
  24  2:18  Probe  
  27  2:24  Stargate  
  27  2:30  Probe  
  27  2:36  Warp Gate  
  28  2:37  Shield Battery  
  28  2:41  Adept  
  28  2:42  Probe  
  31  2:47  Probe  
  32  2:54  Probe  
  33  2:59  Probe  
  34  3:06  Probe  
  34  3:09  Phoenix (Chrono Boost)  
  37  3:16  Probe  
  37  3:19  Probe  
  39  3:22  Pylon  
  39  3:28  Probe  
  39  3:29  Phoenix (Chrono Boost)  
  39  3:31  Probe  
  43  3:40  Probe  
  44  3:43  Probe  
  45  3:49  Gateway  
  45  3:51  Phoenix (Chrono Boost)  
  45  3:52  Probe  
  45  3:55  Probe  
  49  3:58  Pylon  
  49  4:04  Probe  
  49  4:07  Probe, Phoenix (Chrono Boost)  
  53  4:16  Pylon, Probe  
  54  4:19  Probe  
  55  4:25  Adept  
  55  4:28  Probe, Phoenix (Chrono Boost)  
  60  4:31  Probe  
  60  4:35  Nexus  
  61  4:38  Shield Battery  
  61  4:40  Probe  
  61  4:43  Probe  
  63  4:52  Probe  
  63  4:53  Twilight Council  
  63  4:55  Phoenix  
  63  4:58  Pylon  
  66  5:01  Assimilator  
  66  5:07  Probe  
  66  5:10  Forge  
  66  5:11  Probe  
  66  5:12  Pylon  
  68  5:18  Gateway  
  68  5:19  Shield Battery  
  68  5:20  Probe  
  69  5:26  Probe  
  70  5:32  Probe  
  70  5:33  Gateway  
  71  5:36  Gateway  
  71  5:39  Zealot  
  71  5:41  Zealot  
  75  5:47  Probe  
  75  5:48  Gateway  
  76  5:50  Phoenix  
  76  5:52  Probe  
  76  5:55  Shield Battery  
  78  6:00  Probe  
  78  6:01  Zealot x2  
  78  6:03  Probe  
  84  6:05  Probe  
  83  6:12  Probe  
  83  6:14  Zealot  
Show
View Real Time Build Order
Export as new Build Order

Cure Terran - Winner!

Build Orders:  

Get SALT Encoding   

  12  0:00  SCV  
  13  0:12  SCV  
  14  0:17  Supply Depot  
  14  0:24  SCV  
  15  0:38  SCV  
  15  0:39  Barracks  
  15  0:42  Refinery  
  16  0:51  SCV  
  16  0:52  Refinery  
  17  1:03  SCV  
  18  1:15  SCV  
  19  1:26  Reaper  
  19  1:27  Orbital Command  
  19  1:28  Supply Depot  
  20  1:42  Factory  
  20  1:52  SCV  
  21  1:58  Reaper  
  22  2:05  SCV  
  23  2:16  Command Center  
  23  2:17  SCV  
  24  2:26  Hellion  
  24  2:29  SCV  
  27  2:31  Supply Depot  
  27  2:37  Barracks Reactor  
  27  2:41  SCV  
  27  2:43  Barracks  
  28  2:47  Factory Tech Lab  
  28  2:54  SCV  
  29  2:58  Barracks  
  29  3:06  SCV  
  29  3:08  Cyclone  
  33  3:15  Marine x2  
  33  3:18  SCV  
  36  3:28  Orbital Command  
  36  3:30  Barracks Tech Lab, SCV  
  36  3:33  Marine x2  
  39  3:43  Siege Tank, SCV  
  43  3:48  Barracks Tech Lab  
  43  3:51  Supply Depot  
  43  3:54  SCV  
  43  3:55  SCV  
  45  3:57  Stimpack  
  45  4:01  Marine x2  
  47  4:03  Marine  
  47  4:08  SCV x2  
  49  4:10  Marine  
  49  4:13  Supply Depot  
  50  4:18  Siege Tank  
  50  4:20  SCV  
  50  4:21  SCV  
  55  4:25  Marine x2  
  55  4:26  Marine  
  55  4:27  Marine  
  55  4:30  Combat Shield  
  59  4:36  SCV, Supply Depot  
  61  4:38  SCV  
  61  4:44  Marine x3  
  61  4:45  Marine, Supply Depot  
  64  4:50  SCV x2  
  67  4:54  Siege Tank  
  67  4:59  Supply Depot  
  70  5:02  SCV x2  
  70  5:06  Marine  
  76  5:07  Marine, Marauder x2  
  76  5:11  Engineering Bay  
  75  5:15  SCV x2  
  75  5:18  Refinery  
  77  5:24  Marine  
  77  5:25  Marine  
  77  5:26  Siege Tank  
  77  5:28  Marine x2  
  84  5:29  SCV x2  
  86  5:40  Supply Depot  
  86  5:41  SCV x2  
  86  5:42  Marine  
  89  5:43  Marine  
  89  5:45  Marine x2  
  89  5:46  Supply Depot  
  92  6:00  Marine, SCV  
  92  6:01  Marine, SCV  
  92  6:03  Marine x2  
  98  6:10  Bunker x2  
  98  6:11  Missile Turret  

Tags
 
Add a new tag
Caveats
  • Supply blocks, unpowered buildings, or Contaminate may cause inaccurate times.
  • Supply counts are checked every 10 seconds.